 Dungeon Crawl Stone Soup version 0.20.0-15-g7f486f2 (webtiles) character file.

509 rageheart7 the Covert (level 7, -1/40 HPs)
             Began as an Octopode Artificer on June 10, 2017.
             Was an Initiate of Hepliaklqana.
             Slain by a phantom (6 damage)
             ... on level 4 of the Dungeon.
             The game lasted 00:09:40 (4663 turns).

rageheart7 the Covert (Octopode Artificer)          Turns: 4663, Time: 00:09:41

Health: -1/40      AC:  1    Str: 13      XL:     7   Next: 19%
Magic:  9/9        EV: 13    Int: 13      God:    Hepliaklqana [......]
Gold:   247        SH:  3    Dex: 10 (13) Spells: 6/6 levels left

rFire    . . .     SeeInvis .   a - +0 short sword
rCold    . . .     Gourm    .   u - +0 buckler
rNeg     . . .     Faith    .   (helmet restricted)
rPois    .         Spirit   .   (no amulet)
rElec    .         Reflect  .   s - +1 ring of evasion
rCorr    .         Harm     .   (no ring)
MR       .....                  (no ring)
Stlth    +++++.....             (no ring)
Regen    0.2/turn               (no ring)
MPRegen  0.2/turn               (no ring)
                                (no ring)
                                (no ring)

@: hasted, very quick
A: almost no armour, stealthy swim, amphibious, 8 rings, constrict 8, reduced
essence, camouflage 1, gelatinous body 1
a: Recall Ancestor, Ancestor Identity, Renounce Religion


You were on level 4 of the Dungeon.
You worshipped Hepliaklqana.
Hepliaklqana was noncommittal.
You were not hungry.

You visited 2 branches of the dungeon, and saw 5 of its levels.

You collected 247 gold pieces.

Inventory:

Hand Weapons
 a - a +0 short sword (weapon)
Armour
 m - a +1 shield
 u - a +0 buckler (worn)
Jewellery
 s - a +1 ring of evasion (left tentacle)
Wands
 b - a wand of flame (2/48)
 c - a wand of enslavement (2/24)
 d - a wand of random effects (2/48)
 h - a wand of confusion (29/48)
 j - a wand of disintegration (10/24)
Scrolls
 i - a scroll of amnesia
 k - 8 scrolls of identify
 l - a scroll of teleportation
 q - 3 scrolls of enchant armour
Potions
 e - a potion of resistance
 p - a potion of heal wounds {unknown}
 t - a potion of degeneration {unknown}
Comestibles
 f - 3 bread rations
 g - 14 fruits
 n - a meat ration
 r - 2 royal jellies


   Skills:
 + Level 2.0 Fighting
 + Level 3.1 Short Blades
 - Level 2.0 Dodging
 * Level 9.0 Stealth
 - Level 0.6 Shields
 - Level 3.2 Evocations


You had 6 spell levels left.
You didn't know any spells.

Dungeon Overview and Level Annotations

Branches:
Dungeon (4/15)             Temple (1/1) D:4

Altars:
Ashenzari
Cheibriados
Elyvilon
Fedhas
Gozag
Hepliaklqana
Kikubaaqudgha
Makhleb
Nemelex Xobeh
Okawaru
Qazlal
Ru
Sif Muna
Trog
Uskayaw
Vehumet
Xom
Yredelemnul
The Shining One


Innate Abilities, Weirdness & Mutations

You cannot wear most types of armour.
You are very stealthy in the water. (Stealth+)
You are amphibious.
You can wear up to eight rings at the same time.
You can use your tentacles to constrict eight enemies at once.
Your skin changes colour to match your surroundings (Stealth+).
Your rubbery body absorbs attacks. (AC +1, EV +1)
Your life essence is reduced. (-10% HP)


Message History

The fireball explodes!
The fireball engulfs the phantom.
The phantom is moderately damaged.
This wand has 4 charges left.
Evoke which item? (* to show all) (? for menu, Esc to quit)
Aiming: Random Effects
Press: ? - help, Shift-Dir - straight line, f/p - phantom
Aim: a phantom (moderately damaged, fast)
The phantom resists with some effort.
This wand has 3 charges left.
The phantom misses you.
Evoke which item? (* to show all) (? for menu, Esc to quit)
Aiming: Random Effects
Press: ? - help, Shift-Dir - straight line, f/p - phantom
Aim: a phantom (lightly damaged, fast)
The puff of flame hits the phantom.
The phantom is moderately damaged.
This wand has 2 charges left.
The phantom hits you!
* * * LOW HITPOINT WARNING * * *
Okay, then.
It was a potion of haste.
You feel yourself speed up. The phantom hits you.
You die...

#..########.##.....
##.#......#.##.....
#.#.........#.....
#.#.........#.....
#.#.........#.....
#.#..............#
########)#<%....###......
.......†)#.%....# #......
........@...##### #.##.##
....%...W#### #.....#
[.....%..# ####..#
.........# #..#
.......... ###########..#
###........#.........#...
#........#.........#...
#........#.........#...
#........#.............


You could see a phantom.

Vanquished Creatures
  The ghost of TheDarkStar the Digger, an amateur GrEE (D:4)
  A howler monkey (D:4)
  A quasit (D:4)
  An orc priest (D:3)
  A hound (D:4)
  Jessica (D:3)
  A hound skeleton (D:4)
  3 gnolls (D:4)
  11 adders
  An ooze (D:2)
  A worm (D:2)
  2 dart slugs (D:1)
  3 leopard geckos
  9 orcs
  A giant cockroach (D:3)
  6 goblins
  5 hobgoblins
  6 jackals (D:2)
  5 kobolds
  A quokka (D:3)
  7 bats
  4 frilled lizards
  9 rats
81 creatures vanquished.

Vanquished Creatures (collateral kills)
  An orc priest (D:3)
  An orc wizard (D:4)
  A worm (D:2)
  A dart slug (D:3)
  An orc (D:4)
  A bat (D:2)
  A jackal (D:2)
7 creatures vanquished.

Vanquished Creatures (others)
  An orc (D:4)
  2 hobgoblins
3 creatures vanquished.

Grand Total: 91 creatures vanquished

Notes
Turn   | Place    | Note
-------+----------+-------------------------------------------
     0 | D:1      | rageheart7 the Octopode Artificer began the quest for the Orb.
     0 | D:1      | Reached XP level 1. HP: 13/13 MP: 3/3
   131 | D:1      | Reached skill level 2 in Stealth
   403 | D:1      | Reached XP level 2. HP: 18/18 MP: 4/4
   459 | D:1      | Reached skill level 3 in Stealth
  1070 | D:2      | Reached XP level 3. HP: 23/23 MP: 5/5
  1354 | D:2      | Reached skill level 4 in Stealth
  1647 | D:2      | Reached XP level 4. HP: 28/28 MP: 6/6
  1980 | D:2      | Reached skill level 5 in Stealth
  2071 | D:3      | Found a faded altar of an unknown god.
  2379 | D:3      | Reached XP level 5. HP: 32/33 MP: 7/7
  2490 | D:3      | Noticed Jessica
  2493 | D:3      | Killed Jessica
  2493 | D:3      | Reached skill level 6 in Stealth
  3140 | D:4      | Reached skill level 7 in Stealth
  3338 | D:4      | Found a hide-covered altar of Uskayaw.
  3338 | D:4      | Found a radiant altar of Vehumet.
  3388 | D:4      | Reached XP level 6. HP: 32/38 MP: 8/8
  3389 | D:4      | Found a sacrificial altar of Ru.
  3396 | D:4      | Noticed TheDarkStar's ghost (amateur GrEE)
  3534 | D:4      | Killed TheDarkStar's ghost
  3534 | D:4      | Reached skill level 8 in Stealth
  3796 | D:4      | Reached XP level 7. HP: 28/44 MP: 9/9
  4200 | D:4      | Found a staircase to the Ecumenical Temple.
  4450 | Temple   | Entered the Ecumenical Temple
  4550 | Temple   | Became a worshipper of Hepliaklqana the Forgotten
  4648 | D:4      | Reached skill level 9 in Stealth
  4663 | D:4      | Slain by a phantom

Skill      XL: |  1  2  3  4  5  6  7 |
---------------+----------------------+-----
Stealth        | 2 3 4 5 7 8 9 |  9.0
Short Blades   | 2 3 |  3.1
Fighting       | 2 |  2.0
Dodging        | |  2.0
Shields        | |  0.6
Evocations     | |  3.2

Action                   |  1- 3 |  4- 6 |  7- 9 || total
-------------------------+-------+-------+-------++-------
Melee: Short sword       |    51 |   103 |    12 ||   166
       Constrict         |    11 |    19 |     3 ||    33
       Tentacles         |     5 |    17 |     2 ||    24
Evoke: Wand              |    12 |    16 |    14 ||    42
  Use: Scroll            |       |     9 |       ||     9
       Potion            |       |     5 |     1 ||     6
 Stab: Sleeping          |    13 |    14 |       ||    27
       Paralysed         |     2 |       |       ||     2
       Betrayed ally     |     1 |     1 |       ||     2
       Distracted        |       |     1 |       ||     1
  Eat: Chunk             |     2 |     7 |     3 ||    12
Armor: Skin              |     5 |    11 |     1 ||    17
Dodge: Dodged            |    20 |    51 |     8 ||    79
Block: Shield            |    14 |    36 |     2 ||    52
